 Dungeon Crawl Stone Soup version 0.31-a0-202-g547052bce9 (webtiles) character file.

Game seed: 14287303796406979779

139 qw the Skirmisher (level 5, -9/29 HPs)
             Began as a Deep Elf Hunter on June 26, 2023.
             Engulfed by a cloud of poison gas (14 damage)
             ... on level 3 of the Dungeon.
             The game lasted 00:00:40 (2124 turns).

qw the Skirmisher (Deep Elf Hunter)                 Turns: 2124, Time: 00:00:41

Health: -9/29      AC: 12    Str: 10    XL:     5   Next: 1%
Magic:  7/7        EV: 11    Int: 14    God:
Gold:   215        SH:  0    Dex: 18    Spells: 4/4 levels left

rFire   . . .        Y - +0 shortbow (freeze)
rCold   + . .        (shield currently unavailable)
rNeg    . . .        d - +0 ring mail
rPois   .            a - +2 helmet
rElec   .            k - +2 cloak
rCorr   .            (no gloves)
SInv    .            j - +0 pair of boots
Will    .....        (no amulet)
Stlth   +            e - ring of protection from cold
HPRegen 0.24/turn    (no ring)
MPRegen 0.10/turn

%: no passive effects
@: lethally poisoned (-9 -> -47), on berserk cooldown, slowed, very slow
A: no striking features
a: no special abilities


You were on level 3 of the Dungeon.
You visited 1 branch of the dungeon, and saw 3 of its levels.

You collected 215 gold pieces.


   Skills:
 - Level 1.5 Fighting
 - Level 8.4 Ranged Weapons
 + Level 0.0 Armour
 - Level 2.4 Dodging
 - Level 1.2 Stealth


You had 4 spell levels left.
You didn't know any spells.
Your spell library was empty.

Inventory:

Hand Weapons
 Y - a +0 shortbow of freezing (weapon)
Armour
 a - a +2 helmet (worn)
 d - a +0 ring mail (worn)
 j - a +0 pair of boots (worn)
 k - a +2 cloak (worn)
Jewellery
 e - a ring of protection from cold (left hand)
Scrolls
 b - 6 scrolls of identify
Potions
 g - a potion of haste
 l - a potion of berserk rage

Dungeon Overview and Level Annotations

Branches:
Dungeon (3/15)

Altars:


Message History

Blink to where?
Press: ? - help, Dir - move target, f - you Are you sure you want to cancel this blink?
As you read the scroll labelled IRPHAO FUNLI, it crumbles to dust.
It was a scroll of blinking.
Done exploring.
2117 ||| READING scroll labelled VASEOSS KITUO.
As you read the scroll labelled VASEOSS KITUO, it crumbles to dust.
You assume a fearsome visage.
Nothing appears to happen.
It was a scroll of fear.
Done exploring.
2118 ||| READING scroll labelled MINGUDWUIS.
The air fills with toxic fumes!
As you read the scroll labelled MINGUDWUIS, it crumbles to dust.
It was a scroll of poison.
Done exploring.
2119 ||| DRINKING 2 yellow potions.
It was a potion of berserk rage.
A red film seems to cover your vision as you go berserk!
You feel yourself moving faster!
You feel mighty!
Really walk into that cloud of poison gas?
You feel a strong urge to attack something.
You are engulfed in poison gas.
You are poisoned.
You feel very sick.
You are engulfed in poison gas.
You are more poisoned.
You feel very sick.
You feel your anger nearly subside.
You are engulfed in poison gas.
You are lethally poisoned!
You are no longer berserk.
You are exhausted.
You feel yourself slow down.
You feel extremely sick.
2123 ||| DRINKING potion of curing.
You feel better.
2123 ||| (to cure poison)
You are engulfed in poison gas.
You are poisoned.
You feel very sick.
You're standing in a cloud of poison gas!
You are engulfed in poison gas.
You are more poisoned.
You die...

.# #...........#.#.#.......# .#
#....########.#.#.......# ## .#
#....# #.#.#####.#.# #. .# #....#
#.#.# ###.#.###. .# #....#
######¤#¤# #......##.
.#####....###¤¤¤¤¤0¤¤###......##.
............+¤¤0¤¤¤¤¤¤.'..)......
#############¤¤0¤¤¤0¤###......###
#0¤¤@¤¤¤¤# #......# #¤¤0¤¤00¤#
#......# #00¤0¤00¤# #......#
#0¤0¤¤¤[¤# #......# #¤¤¤¤¤¤¤¤#
#......# #¤¤¤¤¤¤¤¤# #......#
#¤¤¤¤¤0¤¤# ######## #¤¤000¤¤¤#
#.....)..#


There were no monsters in sight!

Vanquished Creatures
  Terence (D:2)
  An orc wizard (D:3)
  4 adders
  2 dart slugs
  4 orcs (D:3)
  4 ball pythons
  7 bats
  5 endoplasms
  2 giant cockroaches
  6 goblins
  3 hobgoblins
  3 frilled lizards
  3 kobolds (D:1)
45 creatures vanquished.

Notes
Turn   | Place    | Note
-------+----------+-------------------------------------------
     0 | D:1      | qw the Deep Elf Hunter began the quest for the Orb.
     0 | D:1      | Reached XP level 1. HP: 12/12 MP: 3/3
     0 | D:1      | 0 ||| qw: Version: 0.3-a-22-g0ed2b0b
     0 | D:1      | 0 ||| qw: Game counter: 6240
     0 | D:1      | 0 ||| qw: Melee chars always use a shield: true
     0 | D:1      | 0 ||| qw: God list: Okawaru
     0 | D:1      | 0 ||| qw: Allow faded altars: false
     0 | D:1      | 0 ||| qw: Do Orc after clearing Dungeon:15 true
     0 | D:1      | 0 ||| qw: Do second Lair branch before Depths: true
     0 | D:1      | 0 ||| qw: Lair rune preference: random
     0 | D:1      | 0 ||| qw: Goals: Normal
     0 | D:1      | 0 ||| PLANNING D:1-11
   280 | D:1      | Reached skill level 6 in Ranged Weapons
   280 | D:1      | Reached XP level 2. HP: 16/16 MP: 4/4
   723 | D:1      | 723 ||| UPGRADING to +0 ring mail.
   733 | D:1      | 733 ||| DROPPING +0 leather armour.
   734 | D:1      | 734 ||| UPGRADING to ring of protection from cold.
   735 | D:1      | 735 ||| READING scroll labelled PAM AHAPOETUFA.
   736 | D:1      | 736 ||| DRINKING 2 sapphire potions.
   737 | D:1      | 737 ||| DROPPING scroll of butterflies.
  1077 | D:2      | Reached XP level 3. HP: 20/20 MP: 5/5
  1228 | D:2      | Noticed Terence
  1237 | D:2      | HP: 5/20 [Terence/+0 hand axe (4)]
  1239 | D:2      | Killed Terence
  1240 | D:2      | Reached skill level 7 in Ranged Weapons
  1332 | D:2      | 1332 ||| READING scroll labelled GIAMIR POFERO.
  1333 | D:2      | 1333 ||| READING scroll labelled PIOTEW CAEGE.
  1334 | D:2      | 1334 ||| DRINKING 2 coppery potions.
  1335 | D:2      | 1335 ||| READING 7 scrolls of identify.
  1335 | D:2      | 1335 ||| IDENTIFYING sedimented pink potion
  1336 | D:2      | 1336 ||| READING 6 scrolls of identify.
  1336 | D:2      | 1336 ||| IDENTIFYING ruby potion
  1337 | D:2      | 1337 ||| DROPPING potion of magic.
  1338 | D:2      | 1338 ||| DROPPING potion of degeneration.
  1367 | D:3      | Reached XP level 4. HP: 25/25 MP: 6/6
  1483 | D:3      | Identified the +3 leather armour of Kacudox {Stlth+}
  1550 | D:3      | Reached skill level 8 in Ranged Weapons
  1618 | D:3      | Found a faded altar of an unknown god.
  1978 | D:3      | Reached XP level 5. HP: 29/29 MP: 7/7
  2100 | D:3      | 2100 ||| UPGRADING to +2 helmet.
  2105 | D:3      | 2105 ||| DROPPING +3 leather armour of Kacudox {Stlth+}.
  2106 | D:3      | 2106 ||| UPGRADING to +0 pair of boots.
  2111 | D:3      | 2111 ||| UPGRADING to +2 cloak.
  2116 | D:3      | 2116 ||| READING scroll labelled IRPHAO FUNLI.
  2117 | D:3      | 2117 ||| READING scroll labelled VASEOSS KITUO.
  2118 | D:3      | 2118 ||| READING scroll labelled MINGUDWUIS.
  2119 | D:3      | 2119 ||| DRINKING 2 yellow potions.
  2123 | D:3      | 2123 ||| DRINKING potion of curing.
  2123 | D:3      | 2123 ||| (to cure poison)
  2123 | D:3      | HP: 5/29 [poisoned by you (poison gas)]
  2124 | D:3      | Engulfed by a cloud of poison gas

Levels and vault maps discovered:
D:1:      wheals_arrival_shading, layout_basic, minmay_hexomino_f4
D:2:      layout_loops_ring, uniq_terence
D:3:      layout_basic, hellmonk_ecumenical_altar_run_dry

Skill      XL: |  1  2  3  4 |
---------------+-------------+-----
Ranged Weapons | 6 7 8 |  8.4
Fighting       | |  1.5
Dodging        | |  2.4
Stealth        | |  1.2

Action                     |  1- 3 |  4- 6 || total
---------------------------+-------+-------++-------
   Fire: Shortbow          |    86 |    40 ||   126
    Use: Scroll            |     5 |     3 ||     8
         Potion            |     2 |     2 ||     4
 Armour: Leather armour    |    13 |       ||    13
         Ring mail         |     3 |     1 ||     4
  Dodge: Dodged            |    17 |     9 ||    26

Table legend:
 A = Non-vault XP
 B = Vault XP
 C = Vault XP percentage of total XP
 D = Non-vault monster count
 E = Vault monster count
 F = Vault count percentage of total count
                 A         B        C        D         E       F
            +---------+---------+-------+---------+---------+-------
      Total |     156 |      43 |  21.6 |      41 |       4 |   8.9
            +---------+---------+-------+---------+---------+-------
        D:1 |      20 |       5 |  20.0 |      10 |       3 |  23.1
        D:2 |      33 |      38 |  53.5 |      13 |       1 |   7.1
        D:3 |     103 |       0 |   0.0 |      18 |       0 |   0.0
            +---------+---------+-------+---------+---------+-------
